[Event "1st Bangalore GM-Open-A 2024"]
[Site "Bangalore"]
[Date "2024.01.24"]
[Round "8.1"]
[White "Sethuraman, S.P."]
[Black "Gupta, Abhijeet"]
[Result "1-0"]
[ECO "C54"]
[WhiteElo "2594"]
[BlackElo "2605"]
[Annotator "RC"]
[PlyCount "109"]
[EventDate "2024.01.20"]
[EventType "swiss"]
[EventCountry "IND"]
[SourceTitle "playchess.com"]
[Source "ChessBase"]
[SourceQuality "1"]
[TimeControl "5400+30"]

1. e4 e5 2. Nf3 Nc6 3. Bc4 Nf6 4. d3 Bc5 5. c3 a6 6. a4 d6 7. Bg5 h6 8. Bh4 Ba7 9. Nbd2 Qe7 10. O-O g5 11. Bg3 O-O 12. Re1 Nh7 13. h3 h5 14. d4 h4 15. Bh2 g4 16. hxg4 Bxg4 17. Be2 Kh8 18. Nxe5 Nxe5 19. Bxg4 Nxg4 20. Qxg4 Rg8 21. Qh3 Qe6 22. Kh1 Rg4 23. f3 Rg6 24. f4 Qg4 25. Nf3 Rag8 26. Re2 Rh6 27. Rae1 c5 28. d5 c4 29. e5 Bc5 30. Qxg4 Rxg4 31. e6 fxe6 32. dxe6 Rg8 33. e7 Re8 34. Re6 Rxe6 35. Rxe6 Kg7 36. f5 Kf7 37. Bxd6 Bxd6 38. Rxd6 Rxe7 39. Nxh4 Nf6 40. Kh2 Re3 41. Nf3 Re2 42. Rb6 Nd5 43. Rxb7+ Kf6 44. Nd4 Rd2 45. Kg3 Rd3+ 46. Kf2 Ke5 47. Rb8 Nf6 48. Ke2 Rg3 49. Rb6 Ne4 50. Kf1 Rd3 51. f6 Rd1+ 52. Ke2 Rd2+ 53. Ke1 Rxg2 54. Re6+ Kd5 55. Rxe4 1-0

[Event "1st Bangalore GM-Open-A 2024"]
[Site "Bangalore"]
[Date "2024.01.24"]
[Round "8.2"]
[White "Mitrabha, Guha"]
[Black "Short, Nigel D"]
[Result "1/2-1/2"]
[ECO "D56"]
[WhiteElo "2504"]
[BlackElo "2592"]
[Annotator "TA"]
[PlyCount "60"]
[EventDate "2024.01.20"]
[EventType "swiss"]
[EventCountry "IND"]
[SourceTitle "playchess.com"]
[Source "ChessBase"]
[SourceQuality "1"]
[TimeControl "5400+30"]

1. d4 d5 2. c4 e6 3. Nc3 Be7 4. Nf3 Nf6 5. Bg5 h6 6. Bh4 Nbd7 7. e3 O-O 8. cxd5 Nxd5 9. Bxe7 Qxe7 10. Rc1 Nxc3 11. Rxc3 c6 12. Bc4 b6 13. Qe2 c5 14. Bb5 Rd8 15. Bxd7 Qxd7 16. O-O cxd4 17. Nxd4 Bb7 {[%emt 0:00:07] Wards off Nc6} 18. Rfc1 {[%emt 0:00:14] [#]} (18. a3 $11) 18... Rac8 (18... Qd5 $1 $17 19. f3 Qe5 (19... Qxa2 20. Qb5 $17)) 19. Rxc8 $11 {[%emt 0:00:08] The position is equal.} Rxc8 20. Rxc8+ Qxc8 {[%emt 0:00:08][%mdl 4096] Endgame. KQB-KQN} 21. Qc2 Qd7 22. f3 g6 23. a3 e5 24. Ne2 Qd6 25. Nc3 Bc6 26. Qd1 Qxd1+ 27. Nxd1 Kf8 28. Nc3 Ke7 29. b4 Ke6 30. Kf2 f6 {[%emt 0:00:50] Weighted Error Value: White=0.09 (flawless) /Black=0.09 (flawless) .  Mistake:       	White=1     	Black=1      OK:         	White=7     	Black=5} 1/2-1/2

[Event "1st Bangalore GM-Open-A 2024"]
[Site "Bangalore"]
[Date "2024.01.24"]
[Round "8.3"]
[White "Neelotpal, Das"]
[Black "Shyam, Sundar M."]
[Result "1/2-1/2"]
[ECO "E92"]
[WhiteElo "2329"]
[BlackElo "2497"]
[Annotator "RC"]
[PlyCount "142"]
[EventDate "2024.01.20"]
[EventType "swiss"]
[EventCountry "IND"]
[SourceTitle "playchess.com"]
[Source "ChessBase"]
[SourceQuality "1"]
[TimeControl "5400+30"]

1. d4 Nf6 2. c4 g6 3. Nc3 Bg7 4. e4 d6 5. Nf3 O-O 6. Be2 e5 7. Be3 Ng4 8. Bg5 f6 9. Bc1 Nc6 10. d5 Ne7 11. h3 Nh6 12. h4 c6 13. h5 g5 14. Nh2 cxd5 15. cxd5 Bd7 16. g4 Qb6 17. Qb3 Nc8 18. Be3 Qxb3 19. axb3 Rf7 20. Kd2 Bf8 21. Nb5 Bxb5 22. Bxb5 Be7 23. Bd7 Bd8 24. Be6 Kf8 25. Bxf7 Kxf7 26. Rhc1 Ke8 27. f3 Ng8 28. Nf1 Nge7 29. Ke2 a6 30. Nd2 Na7 31. Bxa7 Rxa7 32. Nc4 Kd7 33. b4 Nc8 34. Rc2 Nb6 35. b3 Ra8 36. b5 Nxc4 37. Rxc4 a5 38. b4 a4 39. Rc3 Bb6 40. Rca3 Kc7 41. Kd3 h6 42. Rc1+ Kd7 43. Rc4 Ra7 44. Rc2 Ra8 45. Rca2 Kc7 46. Rb3 Bd4 47. Rba3 Bb6 48. Kc4 Ra7 49. Rxa4 Rxa4 50. Rxa4 Kb8 51. Ra2 Be3 52. Kb3 Bb6 53. Rc2 Bd4 54. Rc4 Be3 55. Ka4 Bb6 56. Rc2 Bd8 57. b6 Bxb6 58. Kb5 Bd4 59. Ka5 Be3 60. b5 b6+ 61. Ka6 Bc5 62. Rc4 Ka8 63. Rc2 Kb8 64. Rc1 Ka8 65. Rh1 Kb8 66. Rh3 Ka8 67. Rg3 Kb8 68. Rg2 Ka8 69. Rc2 Kb8 70. Rc4 Ka8 71. Rc2 Kb8 1/2-1/2

[Event "1st Bangalore GM-Open-A 2024"]
[Site "Bangalore"]
[Date "2024.01.24"]
[Round "8.4"]
[White "Neelash Saha"]
[Black "Chanda, Sandipan"]
[Result "1/2-1/2"]
[ECO "A84"]
[WhiteElo "2446"]
[BlackElo "2486"]
[Annotator "RC"]
[PlyCount "85"]
[EventDate "2024.01.20"]
[EventType "swiss"]
[EventCountry "IND"]
[SourceTitle "playchess.com"]
[Source "ChessBase"]
[SourceQuality "1"]
[TimeControl "5400+30"]

1. d4 f5 2. c4 Nf6 3. e3 e6 4. Be2 Be7 5. h4 O-O 6. h5 Ne4 7. Nh3 d6 8. Nd2 d5 9. Qc2 c5 10. cxd5 cxd4 11. Nxe4 fxe4 12. Qxe4 exd5 13. Qxd4 Nc6 14. Qd1 Bb4+ 15. Kf1 Be6 16. Nf4 Qf6 17. Bf3 Rad8 18. Kg1 Bf7 19. a3 Be7 20. Qc2 d4 21. Be4 h6 22. Rh3 Bd6 23. Ng6 Rfe8 24. Bd2 dxe3 25. fxe3 Nd4 26. exd4 Qxd4+ 27. Re3 Bxg6 28. Bxg6 Rxe3 29. Bxe3 Qxe3+ 30. Qf2 Bh2+ 31. Kf1 Qb3 32. g4 Qh3+ 33. Qg2 Rf8+ 34. Bf5 Qd3+ 35. Qe2 Qg3 36. Qf2 Qd6 37. Kg2 Be5 38. Re1 Qd5+ 39. Qf3 Qxf3+ 40. Kxf3 Bxb2 41. Rb1 Bxa3 42. Rxb7 Ra8 43. Rc7 1/2-1/2

[Event "1st Bangalore GM-Open-A 2024"]
[Site "Bangalore"]
[Date "2024.01.24"]
[Round "8.5"]
[White "Srihari L R"]
[Black "Nithin Babu"]
[Result "1/2-1/2"]
[ECO "E64"]
[WhiteElo "2469"]
[BlackElo "2177"]
[Annotator "RC"]
[PlyCount "61"]
[EventDate "2024.01.20"]
[EventType "swiss"]
[EventCountry "IND"]
[SourceTitle "playchess.com"]
[Source "ChessBase"]
[SourceQuality "1"]
[TimeControl "5400+30"]

1. c4 Nf6 2. Nc3 g6 3. d4 Bg7 4. g3 O-O 5. Bg2 d6 6. Nf3 c5 7. d5 e6 8. O-O Re8 9. Bf4 e5 10. Bg5 h6 11. Bxf6 Qxf6 12. e4 Qe7 13. Qc2 h5 14. Qd2 Nd7 15. Bh3 Bf6 16. Kg2 Kg7 17. Nd1 a6 18. a4 Rb8 19. Ne3 Kg8 20. Qe2 Bg5 21. Nxg5 Qxg5 22. Qf3 Kg7 23. Ra3 Qd8 24. Rfa1 Nf6 25. Bxc8 Qxc8 26. h4 Re7 27. Rb3 b6 28. Nd1 Reb7 29. Qe2 Qd7 30. Nc3 Ne8 31. Rba3 1/2-1/2

[Event "1st Bangalore GM-Open-A 2024"]
[Site "Bangalore"]
[Date "2024.01.24"]
[Round "8.6"]
[White "Ghosh, Diptayan"]
[Black "Tahbaz, Arash"]
[Result "1-0"]
[ECO "B07"]
[WhiteElo "2568"]
[BlackElo "2425"]
[Annotator "RC"]
[PlyCount "76"]
[EventDate "2024.01.20"]
[EventType "swiss"]
[EventCountry "IND"]
[SourceTitle "playchess.com"]
[Source "ChessBase"]
[SourceQuality "1"]
[TimeControl "5400+30"]

1. Nf3 Nf6 2. g3 g6 3. Bg2 Bg7 4. d4 O-O 5. O-O d6 6. Re1 Nbd7 7. e4 e5 8. Nc3 b6 9. a4 a5 10. b3 Bb7 11. dxe5 dxe5 12. Nd2 Re8 13. Nc4 Qc8 14. Bh3 Bc6 15. Ba3 Bf8 16. Bxf8 Kxf8 17. Qf3 Kg7 18. Rad1 Qb7 19. Nd5 Bxd5 20. exd5 Rad8 21. Bg2 e4 22. Qc3 Kg8 23. Qd4 c5 24. Qa1 Qb8 25. d6 h5 26. h4 Re6 27. Bh3 Ng4 28. Bxg4 hxg4 29. h5 Nf6 30. hxg6 fxg6 31. Qc1 Kg7 32. Qg5 Rf8 33. Ne3 Rd8 34. Re2 Kf7 35. Nc4 Kg7 36. Red2 e3 37. Nxe3 Qb7 38. Ng2 Ne4 1-0

[Event "1st Bangalore GM-Open-A 2024"]
[Site "Bangalore"]
[Date "2024.01.24"]
[Round "8.7"]
[White "Aronyak Ghosh"]
[Black "Omidi, Arya"]
[Result "1-0"]
[ECO "A20"]
[WhiteElo "2541"]
[BlackElo "2301"]
[Annotator "RC"]
[PlyCount "128"]
[EventDate "2024.01.20"]
[EventType "swiss"]
[EventCountry "IND"]
[SourceTitle "playchess.com"]
[Source "ChessBase"]
[SourceQuality "1"]
[TimeControl "5400+30"]

1. c4 e5 2. g3 c6 3. d4 e4 4. Qa4 Na6 5. a3 f5 6. Nc3 Nf6 7. Nh3 Be7 8. Nf4 O-O 9. h4 d6 10. e3 Nc7 11. d5 Ng4 12. Be2 Ne5 13. Qc2 c5 14. b3 a6 15. Bb2 b5 16. Rd1 Rb8 17. Kf1 g6 18. cxb5 axb5 19. a4 bxa4 20. bxa4 Bf6 21. Nb5 Nxb5 22. axb5 Qe7 23. Bxe5 Qxe5 24. Bc4 Bd7 25. Rb1 Rb6 26. Qa2 Rfb8 27. Ne6 R8b7 28. Kg2 h6 29. Rhd1 Qc3 30. Rdc1 Qe5 31. Rd1 Qc3 32. Rdc1 Qe5 33. Qe2 Bxe6 34. dxe6 d5 35. Ba2 Be7 36. Rd1 c4 37. Qd2 Rd6 38. Qa5 Rbb6 39. Qa7 Qxe6 40. Rxd5 Qxd5 41. Qxe7 Rb7 42. Qe8+ Kg7 43. h5 gxh5 44. Rc1 Qxb5 45. Qc8 Rc6 46. Qd8 Qb6 47. Qe8 Qc7 48. Rd1 Rd6 49. Rc1 Qf7 50. Qa4 Ra7 51. Qb4 Rc6 52. Bxc4 Qf8 53. Qb2+ Rf6 54. Be6 Qa3 55. Rc7+ Kg6 56. Bxf5+ Kxf5 57. Qb5+ Kg6 58. Qe8+ Kf5 59. Qxh5+ Ke6 60. Qe8+ Kf5 61. Qd7+ Kg5 62. Qg7+ Kf5 63. Rxa7 Qc5 64. Qh7+ Rg6 1-0

[Event "1st Bangalore GM-Open-A 2024"]
[Site "Bangalore"]
[Date "2024.01.24"]
[Round "8.8"]
[White "Deepan Chakkravarthy J."]
[Black "Iniyan, Pa"]
[Result "0-1"]
[ECO "B90"]
[WhiteElo "2422"]
[BlackElo "2515"]
[Annotator "RC"]
[PlyCount "119"]
[EventDate "2024.01.20"]
[EventType "swiss"]
[EventCountry "IND"]
[SourceTitle "playchess.com"]
[Source "ChessBase"]
[SourceQuality "1"]
[TimeControl "5400+30"]

1. e4 c5 2. Nf3 d6 3. d4 cxd4 4. Nxd4 Nf6 5. Nc3 a6 6. Nb3 e6 7. g4 b5 8. Bg2 Bb7 9. g5 Nfd7 10. f4 Nc6 11. a3 h6 12. h4 hxg5 13. hxg5 Rxh1+ 14. Bxh1 g6 15. Qe2 Bg7 16. Be3 Qc7 17. O-O-O O-O-O 18. Qf2 Bxc3 19. bxc3 Na5 20. Nxa5 Qxa5 21. Kb2 Qc7 22. Qh2 Nc5 23. Bxc5 Qxc5 24. Qh7 Rd7 25. Qg8+ Kc7 26. e5 Bxh1 27. exd6+ Kb6 28. Rxh1 Qxd6 29. Qe8 Re7 30. Qf8 Rd7 31. Qe8 Rb7 32. Rf1 Qb8 33. Qxb8 Rxb8 34. Rd1 Kc6 35. Kb3 a5 36. Rd4 Rh8 37. a4 Rb8 38. axb5+ Rxb5+ 39. Ka4 Rc5 40. c4 e5 41. fxe5 Rxe5 42. Rg4 Rf5 43. Rg2 Kb6 44. Rg4 Rf2 45. Kb3 Kc5 46. Re4 Rf3+ 47. Ka4 Rc3 48. Rf4 Rxc2 49. Rxf7 Kxc4 50. Rc7+ Kd3 51. Rg7 Rc6 52. Kxa5 Rc5+ 53. Kb6 Rxg5 54. Kc6 Ke4 55. Kd6 Rd5+ 56. Ke6 g5 57. Ra7 Rb5 58. Ra4+ Kf3 59. Ra3+ Kf4 60. Ra4+ 0-1

[Event "1st Bangalore GM-Open-A 2024"]
[Site "Bangalore"]
[Date "2024.01.24"]
[Round "8.9"]
[White "Subhayan Kundu"]
[Black "Pranav Anand"]
[Result "0-1"]
[ECO "B90"]
[WhiteElo "2385"]
[BlackElo "2513"]
[Annotator "RC"]
[PlyCount "68"]
[EventDate "2024.01.20"]
[EventType "swiss"]
[EventCountry "IND"]
[SourceTitle "playchess.com"]
[Source "ChessBase"]
[SourceQuality "1"]
[TimeControl "5400+30"]

1. e4 c5 2. Nf3 d6 3. d4 cxd4 4. Nxd4 Nf6 5. Nc3 a6 6. Be3 e5 7. Nb3 Be6 8. f3 h5 9. Qd2 Nbd7 10. Nd5 Nxd5 11. exd5 Bf5 12. Be2 Rc8 13. Rc1 Qh4+ 14. g3 Qf6 15. O-O Be7 16. c4 Qg6 17. Kh1 e4 18. Nd4 Bh3 19. Rf2 Nf6 20. f4 h4 21. f5 Qh7 22. g4 Bxg4 23. Rg1 Bxe2 24. Qxe2 Nh5 25. Bf4 Kd7 26. b3 Bf6 27. Qxe4 Rce8 28. Qd3 Ng3+ 29. Bxg3 hxg3 30. Rxg3 Be5 31. Ne2 Bxg3 32. Qxg3 Qh5 33. Nf4 Qxf5 34. c5 dxc5 0-1

[Event "1st Bangalore GM-Open-A 2024"]
[Site "Bangalore"]
[Date "2024.01.24"]
[Round "8.10"]
[White "Dere Pushkar"]
[Black "Nitish Belurkar"]
[Result "1-0"]
[ECO "B38"]
[WhiteElo "2191"]
[BlackElo "2435"]
[Annotator "RC"]
[PlyCount "93"]
[EventDate "2024.01.20"]
[EventType "swiss"]
[EventCountry "IND"]
[SourceTitle "playchess.com"]
[Source "ChessBase"]
[SourceQuality "1"]
[TimeControl "5400+30"]

1. e4 c5 2. Nf3 d6 3. d4 cxd4 4. Nxd4 Nc6 5. c4 g6 6. Nc3 Bg7 7. Be3 Nf6 8. Be2 O-O 9. O-O Bd7 10. h3 Nxd4 11. Bxd4 a5 12. Nd5 Nxd5 13. cxd5 Rc8 14. Bxg7 Kxg7 15. Qd4+ Kg8 16. Rfc1 b5 17. b4 axb4 18. Qxb4 Rxc1+ 19. Rxc1 Qa8 20. Rc7 Rd8 21. a3 Kf8 22. Qc3 f6 23. Qc1 Qb8 24. Bg4 Bxg4 25. hxg4 g5 26. e5 fxe5 27. Qc2 Qb6 28. Rc3 Qd4 29. Rf3+ Ke8 30. Qc6+ Rd7 31. Qc8+ Rd8 32. Qe6 e4 33. Rf5 Qa1+ 34. Kh2 Qg7 35. g3 Ra8 36. Kg2 h6 37. Qxe4 Rc8 38. a4 bxa4 39. Qxa4+ Kd8 40. Qa5+ Kd7 41. Qb5+ Kd8 42. Rf3 Qh8 43. Qb6+ Kd7 44. Qb7+ Kd8 45. Ra3 Qd4 46. Ra7 Qe4+ 47. Kh2 1-0

[Event "1st Bangalore GM-Open-A 2024"]
[Site "Bangalore"]
[Date "2024.01.24"]
[Round "8.11"]
[White "Ilamparthi A R"]
[Black "Viani Antonio Dcunha"]
[Result "1-0"]
[ECO "C78"]
[WhiteElo "2426"]
[BlackElo "2407"]
[Annotator "RC"]
[PlyCount "77"]
[EventDate "2024.01.20"]
[EventType "swiss"]
[EventCountry "IND"]
[SourceTitle "playchess.com"]
[Source "ChessBase"]
[SourceQuality "1"]
[TimeControl "5400+30"]

1. e4 e5 2. Nf3 Nc6 3. Bb5 a6 4. Ba4 Nf6 5. O-O Bc5 6. c3 b5 7. Bb3 d6 8. a4 Bg4 9. h3 Bh5 10. d3 O-O 11. Re1 Rb8 12. Nbd2 Re8 13. axb5 axb5 14. Nf1 d5 15. exd5 Nxd5 16. Ng3 Bg6 17. d4 exd4 18. Rxe8+ Qxe8 19. Bxd5 dxc3 20. bxc3 Rd8 21. Qb3 Ne5 22. Bg5 Rb8 23. Nd4 b4 24. Be3 Nd3 25. cxb4 Nxb4 26. Qc4 Nxd5 27. Qxd5 Bf8 28. Nc6 Rb1+ 29. Rxb1 Bxb1 30. Qb5 Bg6 31. Bc5 Bd3 32. Qb4 Qxc6 33. Bxf8 Qb5 34. Qd4 Kxf8 35. Qd8+ Qe8 36. Qxd3 h6 37. Qd4 Qc8 38. Nf5 f6 39. Qc5+ 1-0

[Event "1st Bangalore GM-Open-A 2024"]
[Site "Bangalore"]
[Date "2024.01.24"]
[Round "8.12"]
[White "Sankalp Gupta"]
[Black "Tologon tegin, Semetei"]
[Result "1-0"]
[ECO "B82"]
[WhiteElo "2535"]
[BlackElo "2384"]
[Annotator "RC"]
[PlyCount "179"]
[EventDate "2024.01.20"]
[EventType "swiss"]
[EventCountry "IND"]
[SourceTitle "playchess.com"]
[Source "ChessBase"]
[SourceQuality "1"]
[TimeControl "5400+30"]

1. e4 c5 2. Nf3 e6 3. d4 cxd4 4. Nxd4 Nc6 5. Nc3 Qc7 6. Be3 a6 7. a3 Nf6 8. f4 d6 9. Qf3 Bd7 10. O-O-O h5 11. h3 Rc8 12. Bd3 h4 13. Nxc6 Bxc6 14. f5 e5 15. Rhg1 b5 16. Nd5 Bxd5 17. exd5 Qb7 18. Kb1 Be7 19. g4 hxg3 20. Qxg3 Qxd5 21. Qxg7 Rh6 22. h4 Rxh4 23. Bg5 Rh7 24. Bxf6 Rxg7 25. Bxg7 f6 26. Bh6 Kd7 27. Rge1 Qg2 28. Bc1 Qg4 29. Rg1 Qf3 30. Rgf1 Qc6 31. Rfe1 Rh8 32. Be4 Qc4 33. b3 Qc5 34. Kb2 Rh3 35. Rg1 Rh4 36. Bd5 Rh2 37. Be4 Qf2 38. Rg8 Qe2 39. Rd2 Qh5 40. Rxh2 Qxh2 41. Bd5 e4 42. Be6+ Kc6 43. Rc8+ Kb7 44. Re8 Qe5+ 45. Kb1 e3 46. Rxe7+ Kb6 47. Bxe3+ Qxe3 48. Re8 Qe1+ 49. Ka2 Kc5 50. Rc8+ Kd4 51. Rc6 Qe5 52. Rxa6 Kc3 53. Rc6+ Kd2 54. Kb1 Qe1+ 55. Kb2 Qe5+ 56. Kb1 d5 57. b4 d4 58. Rc5 Qe1+ 59. Kb2 Qc1+ 60. Ka2 Qe1 61. Bd7 d3 62. cxd3 Kxd3 63. Bxb5+ Kd4 64. Ba4 Kd3 65. Bc2+ Kd2 66. Bb3 Kd3 67. Kb2 Kd4 68. a4 Qd2+ 69. Ka3 Qe1 70. a5 Qa1+ 71. Ba2 Qf1 72. Ka4 Qa1 73. Ka3 Qf1 74. Rc4+ Ke5 75. a6 Qd3+ 76. Bb3 Qd7 77. Rc5+ Kd4 78. Rd5+ Kc3 79. Rc5+ Kd4 80. Be6 Qe7 81. Kb3 Qa7 82. Rc6 Ke5 83. Ka4 Qa8 84. Kb5 Qa7 85. Rb6 Qh7 86. Rb7 Qh1 87. Rd7 Qf1+ 88. Bc4 Qh1 89. a7 Qf3 90. Rd5+ 1-0

[Event "1st Bangalore GM-Open-A 2024"]
[Site "Bangalore"]
[Date "2024.01.24"]
[Round "8.13"]
[White "Lalit Babu M R"]
[Black "Ayush Sharma"]
[Result "1/2-1/2"]
[ECO "E15"]
[WhiteElo "2525"]
[BlackElo "2378"]
[Annotator "RC"]
[PlyCount "108"]
[EventDate "2024.01.20"]
[EventType "swiss"]
[EventCountry "IND"]
[SourceTitle "playchess.com"]
[Source "ChessBase"]
[SourceQuality "1"]
[TimeControl "5400+30"]

1. d4 Nf6 2. c4 e6 3. Nf3 b6 4. g3 Ba6 5. Qc2 c5 6. d5 exd5 7. cxd5 Bb7 8. Bg2 Nxd5 9. O-O Be7 10. Rd1 Nc6 11. Qf5 Nf6 12. e4 g6 13. Qf4 O-O 14. e5 Nh5 15. Qc4 d5 16. exd6 Bxd6 17. Nc3 Na5 18. Qd3 Bc7 19. Qc2 Qc8 20. Bh6 Rd8 21. b4 cxb4 22. Nb5 Rxd1+ 23. Rxd1 Bd8 24. Qc5 Qc7 25. Qxc7 Rc8 26. Nd6 Rxc7 27. Nxb7 Nxb7 28. Nd4 Nc5 29. Bh3 f5 30. Nxf5 Bf6 31. Ne3 Bg7 32. Rd8+ Kf7 33. Nd5 Rb7 34. Be3 Nf6 35. Nxb4 Bf8 36. Nc6 Rc7 37. Bg2 Nce4 38. Nd4 Bc5 39. Bh3 Ke7 40. Rh8 Bxd4 41. Bxd4 Ng5 42. Kg2 Rc4 43. Bxf6+ Kxf6 44. Bd7 Rc2 45. a4 Ne4 46. Kf3 Nxf2 47. Rxh7 Nd1 48. Be8 Rf2+ 49. Kg4 Ne3+ 50. Kh3 Kg5 51. Rh4 Nf1 52. Rg4+ Kh5 53. Rh4+ Kg5 54. Rg4+ Kh5 1/2-1/2

[Event "1st Bangalore GM-Open-A 2024"]
[Site "Bangalore"]
[Date "2024.01.24"]
[Round "8.14"]
[White "Fawzy, Adham"]
[Black "Kushagra Mohan"]
[Result "0-1"]
[ECO "A20"]
[WhiteElo "2522"]
[BlackElo "2374"]
[Annotator "RC"]
[PlyCount "84"]
[EventDate "2024.01.20"]
[EventType "swiss"]
[EventCountry "IND"]
[SourceTitle "playchess.com"]
[Source "ChessBase"]
[SourceQuality "1"]
[TimeControl "5400+30"]

1. c4 e5 2. g3 Nf6 3. Bg2 c6 4. Nf3 e4 5. Nd4 d5 6. cxd5 Qxd5 7. e3 Bc5 8. d3 Qe5 9. dxe4 Nxe4 10. O-O O-O 11. Nc3 Nxc3 12. bxc3 Nd7 13. e4 Nf6 14. Bf4 Qe7 15. Qb3 Rd8 16. Qc4 Bd7 17. Rfe1 b5 18. Qb3 Rac8 19. Rad1 a5 20. h4 h6 21. e5 a4 22. Qc2 Nd5 23. Bc1 Bb6 24. e6 fxe6 25. Bb2 Rf8 26. c4 Nb4 27. Qg6 Rf6 28. Nf5 Bxf2+ 29. Kh2 Rxf5 30. Qxf5 Bxe1 31. Rxe1 Rf8 32. Qg6 Qf7 33. Qb1 Qf5 34. Qd1 Qd3 35. Qg4 e5 36. Qh5 Rf5 37. Qd1 Rf2 38. Bxe5 Bf5 39. Kg1 Rd2 40. Qh5 Nc2 41. Bf1 Qd7 42. Rc1 Qa7+ 0-1

[Event "1st Bangalore GM-Open-A 2024"]
[Site "Bangalore"]
[Date "2024.01.24"]
[Round "8.15"]
[White "Das, Sayantan"]
[Black "Aswath, S."]
[Result "0-1"]
[ECO "B37"]
[WhiteElo "2514"]
[BlackElo "2369"]
[Annotator "RC"]
[PlyCount "66"]
[EventDate "2024.01.20"]
[EventType "swiss"]
[EventCountry "IND"]
[SourceTitle "playchess.com"]
[Source "ChessBase"]
[SourceQuality "1"]
[TimeControl "5400+30"]

1. e4 c5 2. Nf3 d6 3. d4 cxd4 4. Nxd4 Nf6 5. Bd3 g6 6. c4 Bg7 7. Nc3 Nc6 8. Nc2 O-O 9. O-O Nd7 10. Be3 Nc5 11. Qd2 Qa5 12. Rab1 Bxc3 13. bxc3 Nxd3 14. Qxd3 Be6 15. Bh6 Rfc8 16. Rb5 Qa6 17. Ne3 Ne5 18. Qb1 b6 19. Nd5 Bxd5 20. cxd5 Rxc3 21. Bd2 Rc4 22. Rb3 Rac8 23. f4 Nd7 24. f5 Rc2 25. fxg6 hxg6 26. Qe1 Qc4 27. Bg5 Re2 28. Qg3 Qxe4 29. Qh3 Rcc2 30. Rg3 Re1 31. Rgf3 Ne5 32. Rf4 Rcc1 33. Qg3 Qd4+ 0-1

[Event "1st Bangalore GM-Open-A 2024"]
[Site "Bangalore"]
[Date "2024.01.24"]
[Round "8.16"]
[White "Savchenko, Boris"]
[Black "Liyanage, Ranindu Dilshan"]
[Result "0-1"]
[ECO "D38"]
[WhiteElo "2489"]
[BlackElo "2366"]
[Annotator "RC"]
[PlyCount "56"]
[EventDate "2024.01.20"]
[EventType "swiss"]
[EventCountry "IND"]
[SourceTitle "playchess.com"]
[Source "ChessBase"]
[SourceQuality "1"]
[TimeControl "5400+30"]

1. c4 e6 2. Nc3 d5 3. d4 Nf6 4. Nf3 Nbd7 5. Bg5 Bb4 6. e3 c5 7. Rc1 Qa5 8. cxd5 Nxd5 9. Qd2 h6 10. Bh4 O-O 11. e4 cxd4 12. Nxd4 Nxc3 13. bxc3 Ba3 14. Rb1 Nc5 15. Rb5 Qa4 16. f3 e5 17. Nc2 Nxe4 18. fxe4 Qxe4+ 19. Kd1 Qxh4 20. Nxa3 Rd8 21. Rd5 Be6 22. c4 Bxd5 23. cxd5 Qa4+ 24. Nc2 Rac8 25. Qd3 Rc5 26. Qb3 Rdxd5+ 27. Kc1 Qf4+ 28. Kb2 Rd2 0-1

[Event "1st Bangalore GM-Open-A 2024"]
[Site "Bangalore"]
[Date "2024.01.24"]
[Round "8.17"]
[White "Laxman, R.R."]
[Black "Muthaiah AL"]
[Result "1/2-1/2"]
[ECO "D11"]
[WhiteElo "2338"]
[BlackElo "2464"]
[Annotator "RC"]
[PlyCount "60"]
[EventDate "2024.01.20"]
[EventType "swiss"]
[EventCountry "IND"]
[SourceTitle "playchess.com"]
[Source "ChessBase"]
[SourceQuality "1"]
[TimeControl "5400+30"]

1. d4 d5 2. Nf3 Nf6 3. c4 c6 4. e3 Bg4 5. Nbd2 Nbd7 6. Be2 e6 7. O-O Bd6 8. b3 Qe7 9. Bb2 Ne4 10. Ne5 Bxe2 11. Qxe2 Nxd2 12. Qxd2 Nf6 13. Qe2 O-O 14. Rfd1 h6 15. g3 Rad8 16. Kg2 Nd7 17. Nd3 dxc4 18. bxc4 e5 19. dxe5 Nxe5 20. Bxe5 Bxe5 21. Nxe5 Qxe5 22. Qc2 Rfe8 23. Rab1 b6 24. h4 g6 25. Kg1 h5 26. Qa4 Qc7 27. Kg2 Qb7 28. c5 Qc7 29. Qb4 Rxd1 30. Rxd1 bxc5 1/2-1/2

[Event "1st Bangalore GM-Open-A 2024"]
[Site "Bangalore"]
[Date "2024.01.24"]
[Round "8.18"]
[White "Nguyen Van Huy"]
[Black "Fedorov, Alexei"]
[Result "1/2-1/2"]
[ECO "E91"]
[WhiteElo "2364"]
[BlackElo "2457"]
[Annotator "TA"]
[PlyCount "43"]
[EventDate "2024.01.20"]
[EventType "swiss"]
[EventCountry "IND"]
[SourceTitle "playchess.com"]
[Source "ChessBase"]
[SourceQuality "1"]
[TimeControl "5400+30"]

1. d4 {[%emt 0:00:34] Krasenkow,Michal} Nf6 2. c4 g6 3. Nc3 Bg7 4. e4 d6 5. Nf3 O-O 6. Be2 Bg4 7. Be3 Nfd7 8. Rc1 e5 9. d5 a5 10. h3 {[%emt 0:02:30] E91: King's Indian: Classical: 6 Be2, unusual replies including 6...c5 and 6...Bg4.} Bxf3 11. Bxf3 f5 12. h4 f4 13. Bd2 Nc5 14. Qe2 {[%emt 0:06:17] Repels Nd3+} h5 15. g4 fxg3 16. fxg3 {[%emt 0:00:13] Threatens to win with Bg5.} Nba6 17. O-O {[%emt 0:02:34] [#]} Qe7 $146 ({Predecessor:} 17... Qd7 18. g4 Nb4 19. gxh5 Nbd3 20. hxg6 Nxc1 21. Bxc1 Qh3 22. h5 Nd3 23. Qg2 Qxg2+ 24. Kxg2 {0-1 Steingrimsson,H (2573)-Kovalenko,I (2646) Olympiad-43 Batumi 2018 (2.28)}) 18. Bg5 Bf6 19. Bh6 Bg7 20. Bg5 Bf6 21. Bh6 Bg7 22. Bg5 {[%emt 0:00:07] Weighted Error Value: White=0.11 (very precise) /Black=0.01 (flawless)} 1/2-1/2

[Event "1st Bangalore GM-Open-A 2024"]
[Site "Bangalore"]
[Date "2024.01.24"]
[Round "8.19"]
[White "Jain Kashish Manoj"]
[Black "Shyaamnikhil P"]
[Result "0-1"]
[ECO "B90"]
[WhiteElo "2334"]
[BlackElo "2443"]
[Annotator "RC"]
[PlyCount "100"]
[EventDate "2024.01.20"]
[EventType "swiss"]
[EventCountry "IND"]
[SourceTitle "playchess.com"]
[Source "ChessBase"]
[SourceQuality "1"]
[TimeControl "5400+30"]

1. e4 c5 2. Nf3 d6 3. d4 cxd4 4. Nxd4 Nf6 5. Nc3 a6 6. Be3 Ng4 7. Bg5 h6 8. Bh4 g5 9. Bg3 Bg7 10. h3 Ne5 11. Nf5 Bxf5 12. exf5 Nbd7 13. Be2 Rc8 14. O-O O-O 15. Nd5 e6 16. Ne3 Qb6 17. c3 Qxb2 18. fxe6 fxe6 19. Bg4 Rfe8 20. Qxd6 Rc6 21. Qd1 Qxc3 22. Bh5 Rf8 23. Rc1 Qxc1 24. Qxc1 Rxc1 25. Rxc1 Nf6 26. Bd1 Nc6 27. Bf3 Nd4 28. Rc7 Nxf3+ 29. gxf3 Rf7 30. Rc8+ Kh7 31. Nc4 Nh5 32. Kg2 Nxg3 33. fxg3 Rd7 34. a4 b5 35. axb5 axb5 36. Na5 Rd2+ 37. Kf1 Be5 38. g4 Kg7 39. Rc5 Rd5 40. Rc6 Kf6 41. Nb3 Rd6 42. Rc5 Rd3 43. Rxb5 Rxf3+ 44. Ke2 Rxh3 45. Nc5 Bd4 46. Ne4+ Kg6 47. Nd2 Re3+ 48. Kf1 Rg3 49. Rb4 Rxg4 50. Nf3 Rf4 0-1

[Event "1st Bangalore GM-Open-A 2024"]
[Site "Bangalore"]
[Date "2024.01.24"]
[Round "8.20"]
[White "Sammed Jaykumar, Shete"]
[Black "Sahoo, Utkal Ranjan"]
[Result "0-1"]
[ECO "A10"]
[WhiteElo "2441"]
[BlackElo "2316"]
[Annotator "RC"]
[PlyCount "70"]
[EventDate "2024.01.20"]
[EventType "swiss"]
[EventCountry "IND"]
[SourceTitle "playchess.com"]
[Source "ChessBase"]
[SourceQuality "1"]
[TimeControl "5400+30"]

1. c4 f5 2. g3 Nf6 3. Bg2 d6 4. Nf3 e6 5. O-O Be7 6. b4 O-O 7. Bb2 Qe8 8. d3 Qh5 9. Nbd2 e5 10. c5 f4 11. Qb3+ Kh8 12. cxd6 cxd6 13. gxf4 exf4 14. Rac1 Nc6 15. b5 Ne5 16. Qb4 Ng6 17. a4 Bh3 18. Bxh3 Qxh3 19. Bxf6 Rxf6 20. Kh1 Re6 21. Qc4 Rf8 22. Ne4 Nh4 23. Nxh4 Bxh4 24. Rg1 Rh6 25. f3 Rh5 26. Rg2 d5 27. Qc5 Kg8 28. Qd4 Qd7 29. Rc5 b6 30. Rc6 Qe7 31. Qc3 dxe4 32. Rc7 Qf6 33. Rgxg7+ Kh8 34. d4 Bg3 35. Rxa7 Qh4 0-1